 Dungeon Crawl Stone Soup version 0.31-a0-66-ge618eeaa78 (webtiles) character file.

Game seed: 10140634761563039910

18 mandoloar the Firebug (level 2, -1/20 HPs)
             Began as a Gnoll Fire Elementalist on May 23, 2023.
             Slain by an iguana (12 damage)
             ... on level 2 of the Dungeon.
             The game lasted 00:02:04 (1259 turns).

mandoloar the Firebug (Gnoll Fire Elementalist)     Turns: 1259, Time: 00:02:04

Health: -1/20      AC:  5    Str:  7    XL:     2   Next: 66%
Magic:  3/7        EV: 13    Int: 14    God:
Gold:   28         SH:  0    Dex: 12    Spells: 9/10 levels left

rFire   . . .        a - +0 whip (venom)
rCold   . . .        (no shield)
rNeg    . . .        c - +0 robe
rPois   .            g - +1 helmet
rElec   .            (no cloak)
rCorr   .            (no gloves)
SInv    .            f - +0 pair of boots
Will    .....        (no amulet)
Stlth   ++           (no ring)
HPRegen 0.23/turn    (no ring)
MPRegen 0.10/turn

%: no passive effects
@: no status effects
A: fangs 1, strong nose, distributed training
a: no special abilities


You were on level 2 of the Dungeon.
You visited 1 branch of the dungeon, and saw 2 of its levels.

You collected 28 gold pieces.

Inventory:

Hand Weapons
 a - a +0 whip of venom (weapon)
Armour
 c - a +0 robe (worn)
 f - a +0 pair of boots (worn)
 g - a +1 helmet (worn)
Scrolls
 d - a scroll of blinking {unknown}
 e - a scroll of torment {unknown}
 h - a scroll of teleportation {unknown}
 i - a scroll of fear {unknown}
Potions
 b - a potion of magic


   Skills:
 + Level 0.5 Fighting
 + Level 0.5 Short Blades
 + Level 0.5 Long Blades
 + Level 0.5 Axes
 + Level 0.5 Maces & Flails
 + Level 0.5 Polearms
 + Level 0.5 Staves
 + Level 0.5 Ranged Weapons
 + Level 0.5 Throwing
 + Level 0.5 Armour
 + Level 4.5 Dodging
 + Level 4.1 Stealth
 + Level 0.5 Shields
 + Level 0.5 Unarmed Combat
 + Level 4.9 Spellcasting
 + Level 2.0 Conjurations
 + Level 0.3 Hexes
 + Level 0.3 Summonings
 + Level 0.3 Necromancy
 + Level 0.3 Translocations
 + Level 0.3 Transmutations
 + Level 5.3 Fire Magic
 + Level 0.3 Ice Magic
 + Level 0.3 Air Magic
 + Level 0.3 Earth Magic
 + Level 0.3 Poison Magic
 + Level 0.6 Invocations
 + Level 0.5 Evocations


You had 9 spell levels left.
You knew the following spells:

 Your Spells              Type           Power      Damage    Failure   Level
a - Foxfire               Conj/Fire      48%        2x1d6     4%          1

Your spell library contained the following spells:

 Spells                   Type           Power      Damage    Failure   Level
 Scorch                   Fire           36%        2d6       3%          2
 Inner Flame              Hex/Fire       9%         N/A       22%         3
 Volatile Blastmotes      Fire/Tloc      18%        2d11      22%         3
 Flame Wave               Conj/Fire      12%        2d6       43%         4


Dungeon Overview and Level Annotations

Branches:
Dungeon (2/15)

Altars:


Innate Abilities, Weirdness & Mutations

You have very sharp teeth.
Your uncanny sense of smell can sniff out nearby items.
Your experience applies equally to all skills.


Message History

The iguana is lightly wounded.
You conjure some foxfire!
The foxfire hits the iguana.
The iguana is moderately wounded.
The foxfire hits the iguana but does no damage.
The iguana is moderately wounded.
You conjure some foxfire!
The iguana closely misses you.
The foxfire hits the iguana.
The iguana is heavily wounded.
The iguana closely misses you.
Really attack while wielding nothing? [Y]es or [N]o only, please.
Really attack while wielding nothing? [Y]es or [N]o only, please.
Really attack while wielding nothing? [Y]es or [N]o only, please.
Really attack while wielding nothing?
Okay, then.
You conjure some foxfire!
The iguana misses you.
The foxfire hits the iguana but does no damage.
The iguana is heavily wounded.
The iguana misses you.
Your +0 whip of venom begins to drip with poison!
a - a +0 whip of venom (weapon)
The iguana bites you.
You barely miss the iguana.
The iguana is heavily wounded.
The iguana completely misses you.
You hit the iguana but do no damage. Your bite misses the iguana.
The iguana is heavily wounded.
The iguana bites you!
You hit the iguana but do no damage.
The iguana is poisoned.
The iguana is heavily wounded.
The iguana barely misses you.
You hit the iguana but do no damage.
The iguana looks as sick as possible!
The iguana is severely wounded.
The iguana closely misses you.
You conjure some foxfire!
The iguana bites you!
Ouch! That really hurt!
You die...

#... #..#
#..# #..#
..# #.#
#v#######..
#@l<.......
#########..


You could see an iguana (extremely poisoned, ally target).

Vanquished Creatures
  6 ball pythons (D:1)
  2 endoplasms (D:1)
  A hobgoblin (D:1)
  4 kobolds
  2 bats (D:1)
  A frilled lizard (D:1)
  A rat (D:1)
17 creatures vanquished.

Vanquished Creatures (others)
  52 foxfires
52 creatures vanquished.

Grand Total: 69 creatures vanquished

Notes
Turn   | Place    | Note
-------+----------+-------------------------------------------
     0 | D:1      | mandoloar the Gnoll Fire Elementalist began the quest for
                  | the Orb.
     0 | D:1      | Reached XP level 1. HP: 13/13 MP: 6/6
   165 | D:1      | Found a faded altar of an unknown god.
   180 | D:1      | Reached XP level 2. HP: 19/19 MP: 1/7
  1259 | D:2      | Slain by an iguana

Illustrated notes

Levels and vault maps discovered:
D:1:      saegor_arrival_fortress, layout_basic,
          nicolae_ecumenical_snake_handling
D:2:      layout_loops_ring, serial_shops, shop, basic_altar,
          minmay_lizard_king, uniq_robin

Skill      XL: |  1 |
---------------+----+-----
Conjurations   | 2 |  2.0
Fighting       | |  0.5
Short Blades   | |  0.5
Long Blades    | |  0.5
Axes           | |  0.5
Maces & Flails | |  0.5
Polearms       | |  0.5
Staves         | |  0.5
Ranged Weapons | |  0.5
Throwing       | |  0.5
Armour         | |  0.5
Dodging        | |  4.5
Stealth        | |  4.1
Shields        | |  0.5
Unarmed Combat | |  0.5
Spellcasting   | |  4.9
Hexes          | |  0.3
Summonings     | |  0.3
Necromancy     | |  0.3
Translocations | |  0.3
Transmutations | |  0.3
Fire Magic     | |  5.3
Ice Magic      | |  0.3
Air Magic      | |  0.3
Earth Magic    | |  0.3
Poison Magic   | |  0.3
Invocations    | |  0.6
Evocations     | |  0.5

Action                     || total
---------------------------++-------
  Melee: Whip              ||     4
   Cast: Foxfire           ||    36
 Armour: Robe              ||     1
  Dodge: Dodged            ||    15

Table legend: (Time is in decaauts)
 A = Elapsed time spent in this place.
 B = Non-inter-level travel time spent in this place.
 C = Inter-level travel time spent in this place.
 D = Time resting spent in this place.
 E = Time spent auto-exploring this place.
 F = Levels seen in this place.
 G = Mean time per level.
                   A        B        C        D        E       F      G
               +--------+--------+--------+--------+--------+-----+--------+
         Total |   1259 |   1149 |    110 |    205 |    788 |   2 |  629.5 |
       Dungeon |   1259 |   1149 |    110 |    205 |    788 |   2 |  629.5 |
               +--------+--------+--------+--------+--------+-----+--------+

Top non-repeatable levels by time:
     D:1: 1227 daAuts
     D:2: 32 daAuts
